AoeStats
← Chuckles

Arabia

509670170Analyzed
1v1 RM · 6d ago on Sep 27, 2026· 48m 23s· 2 players
Game mode
Random Map
Map size
Tiny (2 player)
Population
200
Speed
Normal
Resources
Standard
Victory
Conquest
Starting age
Dark Age
Ending age
Imperial Age
RankedLock teamsTeams togetherTeam positionsShared explorationLock speedFull tech treeHidden civsTurbo modeCheats
Victory
Defeat
🇮🇹 Persians · Italy
689
+15
🇺🇸 Koreans · United States
677
-27
Chuckles
6:22 Loom
10:52 Feudal Age
22:58 Horse Collar
27:24 Castle Age
25:44 Stone Mining
27:49 Double-Bit Axe
28:58 Thumb Ring
28:16 Elite Skirmisher
29:00 Crossbowman
30:30 Fletching
31:02 Heavy Plow
31:17 Bow Saw
32:32 Pikeman
33:12 Squires
38:08 Bodkin Arrow
38:14 Scale Mail Armor
38:25 Forging
42:35 Wheelbarrow
42:17 Murder Holes
42:04 Treadmill Crane
43:44 Chain Mail Armor
44:21 Gold Mining
45:11 Stone Shaft Mining
46:58 Hand Cart
mappe.oettam
11:00 Feudal Age
9:59 Loom
13:25 Horse Collar
13:33 Double-Bit Axe
22:05 Castle Age
23:54 Gold Mining
23:38 Pikeman
27:17 Scale Mail Armor
29:56 Kamandaran
30:31 Bow Saw
30:37 Stone Mining
30:41 Crossbowman
32:13 Forging
32:04 Padded Archer Armor
32:55 Thumb Ring
35:42 Gold Shaft Mining
36:59 Leather Archer Armor
41:08 Imperial Age
41:43 Heavy Plow
41:29 Cavalier
42:50 Conscription
Connection lost

Rejoining the realm…

Still unreachable

The connection could not be restored.

Session expired

The server has moved on; the page needs a fresh start.